 Dungeon Crawl Stone Soup version 0.19.5 (webtiles) character file.

450 ozymandias0 the Chopper (level 7, -1/60 HPs)
             Began as a Hill Orc Fighter on Apr 11, 2017.
             Was a Follower of Trog.
             Shot with an arrow by a centaur (9 damage)
             ... on level 5 of the Dungeon.
             The game lasted 00:28:17 (3743 turns).

ozymandias0 the Chopper (Hill Orc Fighter)          Turns: 3743, Time: 00:28:17

Health: -1/60      AC:  9    Str: 21    XL:     7   Next: 4%
Magic:  7/7        EV: 10    Int:  8    God:    Trog [*.....]
Gold:   210        SH:  0    Dex: 10    Spells: 0 memorised, 6 levels left

rFire  . . .     SeeInvis .     m - +2 war axe (freeze)
rCold  . . .     Gourm    .     b - +1 scale mail
rNeg   . . .     Faith    .     (no shield)
rPois  .         Spirit   .     (no helmet)
rElec  .         Reflect  .     g - +0 cloak
rCorr  .         Harm     .     (no gloves)
MR     .....                    (no boots)
Stlth  ..........               k - amulet of inaccuracy (curse)
                                (no ring)
                                (no ring)

@: no status effects
A: no striking features
a: Berserk, Burn Spellbooks, Renounce Religion


You were on level 5 of the Dungeon.
You worshipped Trog.
Trog was aware of your devotion.
You were not hungry.

You visited 1 branch of the dungeon, and saw 5 of its levels.

You collected 210 gold pieces.

Inventory:

Hand Weapons
 a - a +0 war axe
 m - a +2 war axe of freezing (weapon)
 o - a +0 shortbow
 r - a +0 long sword
Missiles
 p - 23 arrows
Armour
 b - a +1 scale mail (worn)
 c - a +0 shield
 g - a +0 cloak (worn)
Jewellery
 k - a cursed amulet of inaccuracy (around neck)
Scrolls
 e - a scroll of fog
 i - 2 scrolls of identify
 q - a scroll of amnesia {unknown}
Potions
 d - a potion of might
 h - a potion of curing {unknown}
 j - 2 potions of resistance
Books
 n - a book of Changes

   Spells                             Type                      Level
   a - Beastly Appendage              Transmutation                1
   b - Sticks to Snakes               Transmutation                2
   c - Spider Form                    Transmutation/Poison         3
   d - Ice Form                       Ice/Transmutation            4
   e - Blade Hands                    Transmutation                5
   Trog disapproves of the use of such an item.
Comestibles
 f - 4 bread rations
 l - a meat ration


   Skills:
 + Level 4.8 Fighting
 + Level 5.7 Axes
 + Level 4.7 Armour
 + Level 1.4 Dodging
 + Level 0.8 Stealth
 + Level 4.9 Shields


You had 6 spell levels left.
You didn't know any spells.

Dungeon Overview and Level Annotations

Branches:
Dungeon (5/15)
 Temple: D:4-7

Altars:
Fedhas
Makhleb
Sif Muna
Trog
Vehumet


Message History

The ogre is severely wounded.
The ogre hits you with a giant spiked club!
* * * LOW HITPOINT WARNING * * *
A centaur comes into view.
The centaur shouts!
There is a stone staircase leading down here.
The centaur wields a shortbow.
The centaur shoots an arrow.
The arrow hits you.
* * * LOW HITPOINT WARNING * * *
You see here an arrow.
The centaur shoots an arrow.
The arrow hits you but does no damage.
A quokka comes into view.
You see here an arrow.
The centaur shoots an arrow.
The arrow hits you but does no damage.
You see here an arrow.
The centaur shoots an arrow.
The arrow barely misses you. The quokka barely misses you.
The centaur shoots an arrow.
The arrow hits you but does no damage.
You see here an arrow.
The centaur shoots an arrow.
The arrow hits you!
You die...

## ***
.######################****,*
......................#,,,,,*
.################.#####.#**,*
.#.# #.# #.# *,* ##.#
############.#####.###,* ...#
#.......(.O@.......#..,* ##.#
#.........(r.#.....#.#** #.#
*........c...#.###.#.#
##.#######...(......###.#.#
..........>((.....###.....#
.###############......###.#
......# #.......##..# #.#
......# #.##........# #.#
......# *,*#....##.## #.#


You could see an ogre, a centaur and a quokka.

Vanquished Creatures
  A centaur (D:5)
  A water moccasin skeleton (D:4)
  A crimson imp (D:3)
  A bullfrog skeleton (D:4)
  An iguana (D:4)
  3 orc wizards
  A howler monkey skeleton (D:4)
  5 adders
  An ooze (D:2)
  A worm (D:3)
  A dart slug (D:3)
  2 leopard geckos (D:1)
  12 orcs
  2 ball pythons
  3 giant cockroaches
  3 goblins
  4 hobgoblins
  6 jackals
  A quokka (D:3)
  13 bats
  4 frilled lizards
  9 kobolds
  4 rats
80 creatures vanquished.

Notes
Turn   | Place    | Note
-------+----------+-------------------------------------------
     0 | D:1      | ozymandias0 the Hill Orc Fighter began the quest for the Orb.
     0 | D:1      | Reached XP level 1. HP: 19/19 MP: 1/1
   130 | D:1      | Reached XP level 2. HP: 26/27 MP: 2/2
   768 | D:2      | Reached XP level 3. HP: 33/33 MP: 3/3
   930 | D:2      | Reached skill level 3 in Axes
   999 | D:2      | Found a bloodstained altar of Trog.
  1016 | D:2      | Became a worshipper of Trog the Wrathful
  1241 | D:2      | Reached XP level 4. HP: 40/40 MP: 4/4
  1559 | D:3      | Reached skill level 4 in Axes
  1664 | D:3      | Reached XP level 5. HP: 37/47 MP: 5/5
  2120 | D:3      | Found a burning altar of Makhleb.
  2120 | D:3      | Found a radiant altar of Vehumet.
  2359 | D:4      | Noticed an ogre
  2473 | D:4      | Reached * piety under Trog
  2482 | D:4      | Reached skill level 1 in Dodging
  2482 | D:4      | Reached XP level 6. HP: 9/53 MP: 6/6
  2961 | D:4      | Reached skill level 5 in Axes
  3481 | D:5      | Entered Level 5 of the Dungeon
  3481 | D:5      | Noticed an ice beast
  3662 | D:5      | Found a deep blue altar of Sif Muna.
  3662 | D:5      | Found a blossoming altar of Fedhas.
  3691 | D:5      | Reached XP level 7. HP: 31/60 MP: 7/7
  3743 | D:5      | Shot with an arrow by a centaur

Skill      XL: |  1  2  3  4  5  6 |
---------------+-------------------+-----
Fighting       | 4 |  4.8
Axes           | 3 4 5 |  5.7
Armour         | 4 |  4.7
Shields        | 4 |  4.9
Dodging        | 1 |  1.4
Stealth        | |  0.8

Action                   |  1- 3 |  4- 6 |  7- 9 || total
-------------------------+-------+-------+-------++-------
Melee: War axe           |   126 |   224 |     2 ||   352
  Use: Scroll            |       |     9 |       ||     9
  Eat: Bread ration      |     1 |       |       ||     1
       Pizza             |       |     1 |       ||     1
       Meat ration       |       |     1 |       ||     1
Armor: Scale mail        |    77 |   117 |     3 ||   197
Dodge: Dodged            |    56 |    67 |     2 ||   125
Block: Shield            |    89 |   112 |       ||   201
